 Dungeon Crawl Stone Soup version 0.20-a0-736-gd3249da (webtiles) character file.

78549 M4edhros the Unseen (level 15, -1/101 HPs)
             Began as an Octopode Artificer on Feb 22, 2017.
             Was the Champion of Ru.
             Slain by an entropy weaver (4 damage)
             ... on level 12 of the Dungeon on Feb 23, 2017.
             The game lasted 00:52:11 (23371 turns).

M4edhros the Unseen (Octopode Artificer)           Turns: 23371, Time: 00:52:11

Health: -1/101     AC: -14   Str: 13    XL:     15   Next: 60%
Magic:  15/22      EV: 22    Int: 13    God:    Ru [******]
Gold:   709        SH:  7    Dex: 25    Spells: 0/23 levels left

rFire    . . .     SeeInvis .   D - +10 flail of Cydaol {pain, *Corrode +Blink +Inv Dex+7}
rCold    x . .     Gourm    .   Y - +0 buckler {AC+3}
rNeg     . . .     Faith    .   Z - +2 hat
rPois    +         Spirit   .   d - amulet of regeneration
rElec    .         Reflect  .   L - ring of poison resistance
rCorr    .         Harm     .   K - ring of protection from fire
MR       +....                  j - ring of flight
Stlth    +++++++...             (no ring)
Regen    0.7/turn               (no ring)
MPRegen  0.2/turn               (no ring)
                                (no ring)
                                (no ring)

@: exhausted, corroded, no scrolls, very slightly contaminated, heavily drained,
invisible
A: almost no armour, stealthy swim, amphibious, 8 rings, constrict 8, camouflage
1, gelatinous body 1, inability to drink while threatened, inability to read
while threatened, MP-powered wands, unskilled 1, temperature sensitive
a: Draw Out Power, Power Leap, Apocalypse, Renounce Religion, Evoke Blink, Turn
Visible, Evoke Flight


You were on level 12 of the Dungeon.
You worshipped Ru.
Ru was exalted by your worship.
You were hungry.

You visited 3 branches of the dungeon, and saw 20 of its levels.
You also visited: Sewer and Ossuary.

You collected 1928 gold pieces.
You spent 1219 gold pieces at shops.

Inventory:

Hand Weapons
 c - the +5 mace of Typhi {crush, -Tele MR- Str+10}
   (You found it on level 1 of the Lair of Beasts)

   It inflicts extra damage upon your enemies.
   It affects your strength (+10).
   It affects your resistance to hostile enchantments.
   It prevents most forms of teleportation.
 k - a +0 eveningstar
 D - the +10 flail of Cydaol (weapon) {pain, *Corrode +Blink +Inv Dex+7}
   (You found it on level 2 of the Lair of Beasts)

   In the hands of one skilled in necromantic magic, it inflicts extra damage on
   living creatures.
   It affects your dexterity (+7).
   It lets you turn invisible.
   It lets you blink.
   It may corrode you when you take damage.
 E - the +6 dagger of Roigadol {drain, rC+}
   (You found it on level 2 of the Orcish Mines)

   A truly terrible weapon, it drains the life of those it strikes.
   It protects you from cold.
 G - a +5 hunting sling
 H - a +4 hunting sling of freezing
 J - the +7 war axe of Duty {flame, +Inv rC++ Dex+3}
   (You found it on level 4 of the Dungeon)

   It has been specially enchanted to burn those struck by it, causing extra
   injury to most foes and up to half again as much damage against particularly
   susceptible opponents.
   Big, fiery blades are also staple armaments of hydra-hunters.
   It affects your dexterity (+3).
   It greatly protects you from cold.
   It lets you turn invisible.
 S - the +4 long sword "Eqiko" {elec, rF+}
   (You bought it in a shop on level 2 of the Orcish Mines)

   Occasionally, upon striking a foe, it will discharge some electrical energy
   and cause terrible harm.
   It protects you from fire.
Missiles
 n - 608 stones (quivered)
 w - 82 sling bullets
Armour
 l - the +0 buckler of Submission {rElec rF+}
   (You acquired it on level 2 of the Lair of Beasts)

   It protects you from fire.
   It insulates you from electricity.
 X - a +5 large shield
 Y - a +0 buckler of protection (worn)
 Z - a +2 hat (worn)
Jewellery
 d - an amulet of regeneration (around mantle)
 j - a ring of flight (on tentacle)
 K - a ring of protection from fire (right tentacle)
 L - a ring of poison resistance (left tentacle)
Wands
 b - a wand of flame (0/48)
 t - a wand of random effects (10/48)
 Q - a wand of scattershot (0/9)
 R - a wand of acid (0/15)
Scrolls
 a - 3 scrolls of teleportation
 h - 5 scrolls of fog
 i - a scroll of remove curse
 o - a scroll of blinking
 y - 5 scrolls of identify
 M - 2 scrolls of fear
 N - 3 scrolls of enchant weapon
Potions
 e - 3 potions of heal wounds
 m - 7 potions of curing
 p - 6 potions of might
 q - 8 potions of agility
 r - 3 potions of brilliance {unknown}
 v - 11 potions of flight {unknown}
 z - 5 potions of lignification {unknown}
 B - 4 potions of degeneration {unknown}
 F - a potion of ambrosia
 I - 3 potions of mutation {unknown}
 P - 3 potions of magic {unknown}
 T - 3 potions of cancellation {unknown}
 U - a potion of haste
 W - a potion of berserk rage
Comestibles
 f - 17 bread rations
 g - 9 royal jellies
 s - 3 chunks of flesh
 A - 17 fruits
 C - 15 meat rations


   Skills:
 - Level 9.0(7.7) Fighting
 - Level 0.8(0.0) Short Blades
 - Level 7.0(5.7) Slings
 - Level 9.9(8.6) Dodging
 - Level 15.6(14.0) Stealth
 * Level 9.6(8.3) Shields
 + Level 4.8(3.6) Spellcasting
 - Level 3.1(1.9) Conjurations
 + Level 4.4(3.2) Charms
 + Level 4.1(2.9) Necromancy
 - Level 4.7(3.5) Air Magic
 - Level 5.5(4.3) Poison Magic
 - Level 9.9(8.5) Evocations


You couldn't memorise any spells.
You knew the following spells:

 Your Spells              Type           Power        Failure   Level  Hunger
a - Mephitic Cloud        Conj/Pois/Air  ##......     17%         3    ###....
b - Ignite Poison         Fire/Tmut/Pois #.......     38%         3    ###....
c - Dazzling Spray        Conj/Hex       #.....       52%         3    ###....
d - Regeneration          Chrm/Necr      ##........   21%         3    ###....
e - Spectral Weapon       Hex/Chrm       #.......     34%         3    ###....
f - Song of Slaying       Chrm           ##......     10%         2    ##.....
g - Sticky Flame          Conj/Fire      #.......     98%         4    #####..
h - Shroud of Golubria    Chrm/Tloc      #.........   17%         2    ##.....


Dungeon Overview and Level Annotations

Branches:
Dungeon (12/15)            Temple (0/1) D:7            Lair (6/6) D:11
  Swamp (0/4) Lair:4       Spider (0/4) Lair:4        Slime (0/5) Lair:5
    Orc (2/2) D:10            Elf (0/3) Orc:2

Altars:
Ru
Vehumet
The Shining One
Beogh
Jiyva

Shops:
D:10 (   D:12 [   Orc:2 :*[(

Annotations:
Lair:5 1 runed door


Innate Abilities, Weirdness & Mutations

You cannot wear most types of armour.
You are very stealthy in the water. (Stealth+)
You are amphibious.
You can wear up to eight rings at the same time.
You can use your tentacles to constrict eight enemies at once.
Your skin changes colour to match your surroundings (Stealth+).
Your rubbery body absorbs attacks. (AC +1, EV +1)
You cannot drink potions while threatened.
You cannot read scrolls while threatened.
You are somewhat unskilled. (-1 Apt)
You are sensitive to extremes of temperature. (rF-, rC-)
You expend magic power (3 MP) to strengthen your wands.


Message History

The entropy weaver mumbles some strange words.
The entropic weave corrodes you!
You hit the fire elemental.
The fire elemental is almost destroyed.
You block the fire elemental's attack. The entropy weaver misses you.
The entropy weaver completely misses you.
The entropy weaver closely misses you.
The entropy weaver completely misses you.
The fire elemental completely misses you.
The entropy weaver casts a spell.
The entropic weave corrodes you!
You hit the fire elemental.
You destroy the fire elemental!
You can drink potions again.
The entropy weaver hits you!
* * * LOW HITPOINT WARNING * * *
The entropy weaver hits you!
* * * LOW HITPOINT WARNING * * *
The entropy weaver hits you.
You die...

#..# #..## #.§.#
#### ###..§###
...# #...†.§§##
##.# #...÷..§§#
#.# #.......§# #.#
###...##.#####
##.##
#....#.)@aa###
....#
####.#.###..†#
##..# #.#.# #'††#
....# #.#.# #.a†#
###.# #.### ..#..#
#.# #.# ..###...
###.########.# .a.
...?#
..#.........###...
.a## ...........##
.a#. #..#


You could see 2 entropy weavers.

Vanquished Creatures
  2 orc warlords (Orc:2)
  Azrael (D:12)
  Snorg (Lair:6)
  A merfolk avatar (Lair:6)
  A centaur warrior (D:9)
  3 hydras
  Erica (D:10)
  A death knight (D:12)
  2 alligators (Lair:5)
  10 death yaks
  A queen ant (D:12)
  7 two-headed ogres
  5 orc high priests
  2 sea snakes (Lair:6)
  A swamp dragon (Lair:5)
  A wizard (D:9)
  Pikel (D:4)
  A harpy (Lair:6)
  6 orc knights
  7 orc sorcerers
  2 manticores (Lair:6)
  Maurice (D:8)
  3 black mambas
  A gargoyle (D:11)
  4 elephants
  2 torpor snails (Lair:4)
  2 kobold demonologists (D:11)
  10 spiny frogs
  11 komodo dragons
  4 rime drakes
  A queen bee (D:9)
  3 trolls
  A wind drake (Lair:6)
  4 polar bears
  Grinder (D:5)
  A hornet (Lair:6)
  8 blink frogs
  A slime creature (Lair:5)
  6 hippogriffs
  2 meliai zombies
  Sigmund (D:2)
  2 wraiths (Ossuary)
  A vampire (D:11)
  4 wyverns
  Eustachio (D:4)
  5 fire elementals (D:12)
  A basilisk (Lair:2)
  3 hungry ghosts
  33 yaks
  5 vampire mosquitoes (Lair:4)
  A steam dragon (D:11)
  5 wargs
  3 swamp worms (Lair:5)
  12 water moccasins
  12 soldier ants (D:12)
  3 hell hounds (D:12)
  10 porcupines
  46 orc warriors
  2 swamp drakes
  3 black bears
  2 ice beasts
  16 ogres
  A necrophage (D:9)
  A sky beast (D:4)
  A slave (D:4)
  2 phantoms
  11 wolves
  7 centaurs
  12 crocodiles
  15 bullfrogs
  4 big kobolds
  2 wyvern skeletons
  3 scorpions
  29 killer bees
  8 wights
  10 howler monkeys
  3 electric eels
  10 crimson imps
  A quasit (D:7)
  21 orc priests
  8 hounds
  Crazy Yiuf (D:7)
  2 bullfrog skeletons (D:9)
  5 centaur skeletons
  5 iguanas
  27 orc wizards
  13 worker ants
  2 hound zombies (D:9)
  A gnoll (D:4)
  15 adders
  A shadow imp (D:11)
  An ooze (D:2)
  6 adder zombies
  4 worms
  2 dart slugs
  5 leopard geckos
  86 orcs
  2 ball pythons
  10 bats
  5 giant cockroaches
  4 goblins
  11 hobgoblins
  13 jackals
  3 quokkas
  2 ball python skeletons
  4 frilled lizards
  A hobgoblin skeleton (Ossuary)
  A jackal skeleton (D:3)
  34 kobolds
  2 orc skeletons (Ossuary)
  2 orc zombies (Ossuary)
  A quokka zombie (D:8)
  11 rats
  A fungus (Lair:5)
  13 plants
739 creatures vanquished.

Vanquished Creatures (collateral kills)
  A two-headed ogre (D:9)
  A phantom (D:9)
  An ogre (Orc:2)
  An orc priest (D:9)
  An orc (Orc:2)
5 creatures vanquished.

Vanquished Creatures (others)
  An alligator (Lair:5)
  A death yak (Lair:6)
  A spiny frog (Lair:3)
  A wraith (D:10)
  An orc warrior (Orc:2)
  3 yaks
  A vampire mosquito (Lair:4)
  A basilisk (D:12)
  An orc priest (D:6)
  A hound (D:9)
  An orc wizard (D:9)
  An orc (Orc:1)
  A bush (Lair:6)
  11 fungi
  4 plants
30 creatures vanquished.

Grand Total: 774 creatures vanquished

Notes
Turn   | Place    | Note
-------+----------+-------------------------------------------
     0 | D:1      | M4edhros the Octopode Artificer began the quest for the Orb.
     0 | D:1      | Reached XP level 1. HP: 13/13 MP: 3/3
    47 | D:1      | Reached skill level 2 in Stealth
   142 | D:2      | Reached XP level 2. HP: 3/18 MP: 4/4
   475 | D:3      | Reached skill level 3 in Stealth
   476 | D:3      | Found a faded altar of an unknown god.
   484 | D:3      | Became a worshipper of Ru the Awakened
   499 | D:3      | Gained mutation: You cannot drink potions while threatened. [Ru sacrifice]
   499 | D:3      | Reached * piety under Ru
   557 | D:3      | Reached skill level 4 in Stealth
   590 | D:3      | Reached XP level 3. HP: 23/23 MP: 5/5
   782 | D:3      | Found a glowing drain.
   899 | Sewer    | Entered a sewer
  1069 | Sewer    | Reached skill level 5 in Stealth
  1105 | Sewer    | Reached XP level 4. HP: 21/28 MP: 6/6
  1252 | Sewer    | Noticed a big kobold
  1257 | Sewer    | Killed a big kobold
  1257 | Sewer    | Reached skill level 7 in Stealth
  1257 | Sewer    | Reached XP level 5. HP: 33/33 MP: 7/7
  2336 | D:2      | Gained mutation: You cannot read scrolls while threatened. [Ru sacrifice]
  2336 | D:2      | Reached ** piety under Ru
  2368 | D:2      | Reached skill level 8 in Stealth
  2553 | D:2      | Noticed Sigmund
  2564 | D:2      | Killed Sigmund
  2564 | D:2      | Reached skill level 9 in Stealth
  2564 | D:2      | Reached XP level 6. HP: 18/38 MP: 8/8
  3067 | D:4      | Noticed Eustachio
  3081 | D:4      | Killed Eustachio
  3081 | D:4      | Reached skill level 10 in Stealth
  3081 | D:4      | Reached XP level 7. HP: 7/43 MP: 9/9
  3506 | D:4      | Got an ichor-stained war axe
  3507 | D:4      | Identified the +7 war axe of Duty {flame, +Inv rC++ Dex+3} (You found it on level 4 of the Dungeon)
  3889 | D:4      | Noticed Pikel
  3895 | D:4      | Killed Pikel
  3895 | D:4      | Reached skill level 5 in Slings
  3895 | D:4      | Reached skill level 11 in Stealth
  3895 | D:4      | Reached XP level 8. HP: 23/48 MP: 10/10
  4193 | D:5      | Entered Level 5 of the Dungeon
  4663 | D:5      | Noticed Grinder
  4671 | D:5      | Killed Grinder
  4671 | D:5      | Reached XP level 9. HP: 39/54 MP: 11/11
  5024 | D:6      | Noticed a two-headed ogre
  5034 | D:6      | Killed a two-headed ogre
  5034 | D:6      | Reached skill level 12 in Stealth
  5081 | D:6      | Gained mutation: You are sensitive to extremes of temperature. (rF-, rC-) [Ru sacrifice]
  5081 | D:6      | Reached *** piety under Ru
  5081 | D:6      | Reached **** piety under Ru
  5081 | D:6      | Reached ***** piety under Ru
  5233 | D:6      | Found a sand-covered staircase.
  5246 | Ossuary  | Entered an ossuary
  5387 | Ossuary  | Reached skill level 5 in Evocations
  5693 | D:7      | Found a runed door.
  5854 | D:7      | Found a staircase to the Ecumenical Temple.
  5891 | D:7      | Reached XP level 10. HP: 63/63 MP: 14/14
  6431 | D:7      | Noticed Crazy Yiuf
  6435 | D:7      | Killed Crazy Yiuf
  6652 | D:8      | Found a radiant altar of Vehumet.
  6675 | D:8      | Noticed Maurice
  6840 | D:8      | Noticed a two-headed ogre
  6860 | D:8      | Killed a two-headed ogre
  6860 | D:8      | Reached skill level 5 in Fighting
  6860 | D:8      | Reached skill level 5 in Dodging
  6860 | D:8      | Reached skill level 13 in Stealth
  6907 | D:8      | Killed Maurice
  7049 | D:9      | Noticed a two-headed ogre
  7059 | D:9      | Noticed a two-headed ogre
  7085 | D:9      | Killed a two-headed ogre
  7213 | D:9      | Noticed a two-headed ogre
  7272 | D:9      | Noticed a centaur warrior
  7277 | D:9      | Killed a two-headed ogre
  7277 | D:9      | Reached XP level 11. HP: 68/72 MP: 16/16
  7282 | D:9      | Noticed a wizard
  7283 | D:9      | Killed a two-headed ogre
  7283 | D:9      | Reached skill level 14 in Stealth
  7283 | D:9      | Killed a centaur warrior
  7826 | D:9      | Killed a wizard
  8078 | D:9      | Learned a level 3 spell: Mephitic Cloud
  8082 | D:9      | Learned a level 3 spell: Ignite Poison
  8086 | D:9      | Learned a level 3 spell: Dazzling Spray
  8389 | D:9      | Noticed a two-headed ogre
  8858 | D:9      | Killed a two-headed ogre
  9063 | D:10     | Entered Level 10 of the Dungeon
  9063 | D:10     | Noticed a two-headed ogre
  9070 | D:9      | Killed a two-headed ogre
  9344 | D:10     | Reached skill level 15 in Stealth
  9413 | D:10     | Reached XP level 12. HP: 76/82 MP: 18/18
  9441 | D:10     | Found a staircase to the Orcish Mines.
  9441 | D:10     | Found Fojuopsio's Weapon Boutique.
  9565 | D:10     | Noticed Erica
  9575 | D:10     | Killed Erica
 10414 | D:10     | Got a crystal trident
 10415 | D:10     | Identified the +3 trident "Wahat" {holy, *Contam Int+8} (You found it on level 10 of the Dungeon)
 10435 | D:10     | Gained mutation: You expend magic power (3 MP) to strengthen your wands. [mutagenic glow]
 10496 | D:11     | Noticed a sun demon
 10499 | D:11     | Noticed a sun demon
 10568 | Orc:1    | Entered Level 1 of the Orcish Mines
 11376 | Orc:2    | Entered Level 2 of the Orcish Mines
 11820 | Orc:2    | Got a twisted dagger
 11821 | Orc:2    | Identified the +6 dagger of Roigadol {drain, rC+} (You found it on level 2 of the Orcish Mines)
 12192 | Orc:2    | Noticed an orc high priest
 12192 | Orc:2    | Noticed an orc high priest
 12193 | Orc:2    | Noticed an orc warlord
 12193 | Orc:2    | Noticed a sun demon
 12194 | Orc:2    | Noticed a soul eater
 12195 | Orc:2    | Killed an orc high priest
 12195 | Orc:2    | Reached skill level 10 in Evocations
 12195 | Orc:2    | Reached skill level 16 in Stealth
 12196 | Orc:2    | Killed an orc high priest
 12436 | Orc:2    | Noticed an orc high priest
 12462 | Orc:2    | Noticed a soul eater
 12482 | Orc:2    | Noticed an orc high priest
 12482 | Orc:2    | Killed an orc high priest
 12482 | Orc:2    | Reached XP level 13. HP: 38/90 MP: 14/20
 12772 | Orc:2    | Found Dochutol's Antique Armour Boutique.
 12772 | Orc:2    | Found Waufoebb's Antique Weapon Boutique.
 12776 | Orc:2    | Found Ikathuaz's General Store.
 12776 | Orc:2    | Found Keopraeb's Book Shop.
 12791 | Orc:2    | Bought 2 potions of agility for 88 gold pieces
 12791 | Orc:2    | Bought a scroll of fear for 38 gold pieces
 12792 | Orc:2    | Bought a book of Battle for 440 gold pieces
 12802 | Orc:2    | Bought an ancient long sword for 204 gold pieces
 12802 | Orc:2    | Identified the +4 long sword "Eqiko" {elec, rF+} (You bought it in a shop on level 2 of the Orcish Mines)
 12870 | Orc:2    | Noticed an orc warlord
 12874 | Orc:2    | Reached skill level 10 in Dodging
 12891 | Orc:2    | Killed an orc warlord
 13051 | Orc:2    | Bought a large shield for 130 gold pieces
 13126 | Orc:2    | Killed an orc warlord
 13197 | Orc:2    | Found a staircase to the Elven Halls.
 13512 | Orc:1    | Found a roughly hewn altar of Beogh.
 14319 | D:11     | Reached skill level 5 in Shields
 15386 | D:11     | Found a staircase to the Lair.
 15693 | D:12     | Reached skill level 1 in Poison Magic
 15851 | D:12     | Found Maoh's Antique Armour Shoppe.
 15863 | D:12     | Learned a level 3 spell: Regeneration
 15866 | D:12     | Bought a glowing buckler for 165 gold pieces
 15866 | D:12     | Bought a glowing hat for 154 gold pieces
 16008 | D:11     | Reached skill level 1 in Air Magic
 16051 | Lair:1   | Entered Level 1 of the Lair of Beasts
 16072 | Lair:1   | Reached skill level 1 in Spellcasting
 16467 | Lair:1   | Reached skill level 1 in Conjurations
 16489 | Lair:1   | Got a bloodstained mace
 16490 | Lair:1   | Identified the +5 mace of Typhi {crush, -Tele MR- Str+10} (You found it on level 1 of the Lair of Beasts)
 17439 | Lair:2   | Reached XP level 14. HP: 98/98 MP: 22/22
 17449 | Lair:2   | Got a bone flail
 17450 | Lair:2   | Identified the +10 flail of Cydaol {pain, *Corrode +Blink +Inv Dex+7} (You found it on level 2 of the Lair of Beasts)
 17459 | Lair:2   | Identified a scroll of acquirement
 17465 | Lair:2   | Got a bloodstained buckler
 17476 | Lair:2   | Identified the +0 buckler of Submission {rElec rF+} (You acquired it on level 2 of the Lair of Beasts)
 17793 | Lair:2   | Found a glowing golden altar of the Shining One.
 18815 | Lair:3   | Learned a level 3 spell: Spectral Weapon
 18818 | Lair:3   | Learned a level 2 spell: Song of Slaying
 19444 | Lair:3   | Gained mutation: You are somewhat unskilled. (-1 Apt) [Ru sacrifice]
 19444 | Lair:3   | Reduced skill Stealth to level 15
 19444 | Lair:3   | Reached ****** piety under Ru
 19771 | Lair:4   | Reached skill level 1 in Necromancy
 19816 | Lair:4   | Reached skill level 1 in Charms
 20001 | Lair:4   | Found a hole to the Spider Nest.
 20284 | Lair:4   | Found a staircase to the Swamp.
 21294 | Lair:5   | Found a runed door.
 21296 | Lair:5   | Noticed an acid blob
 21296 | Lair:5   | Noticed an acid blob
 21297 | Lair:5   | Found a viscous altar of Jiyva.
 21297 | Lair:5   | Found a staircase to the Slime Pits.
 21297 | Lair:5   | Noticed an acid blob
 21297 | Lair:5   | Noticed an acid blob
 21297 | Lair:5   | Noticed an acid blob
 21567 | Lair:6   | Entered Level 6 of the Lair of Beasts
 21724 | Lair:6   | Reached XP level 15. HP: 80/101 MP: 22/22
 21761 | Lair:5   | Reached skill level 5 in Poison Magic
 21955 | Lair:6   | Noticed Snorg
 22694 | Lair:6   | Killed Snorg
 22757 | Lair:6   | Learned a level 4 spell: Sticky Flame
 22760 | Lair:6   | Learned a level 2 spell: Shroud of Golubria
 23331 | D:12     | Noticed Azrael
 23346 | D:12     | Killed Azrael
 23371 | D:12     | HP: 3/101 [entropy weaver (8)]
 23371 | D:12     | Slain by an entropy weaver

Vault maps used:
D:1:      sevenhm_arrival_forest_fort_large_2
D:2:      first_bread, uniq_sigmund
D:3:      gup_sewer_entry_bowl, chequers_ecumenical_altar_island
D:4:      kennysheep_generic_room_3, uniq_eustachio, uniq_pikel
D:5:      uniq_grinder
D:6:      lightli_ossuary_entry_decrepit_ruins
D:7:      minmay_temple_entry_overgrown, uniq_crazy_yiuf_cottage
D:8:      fiery_altar_vehumet, uniq_maurice
D:9:      kennysheep_windowed_halls, david_nohive_1
D:10:     orc_david_3, uniq_erica
D:11:     lair_entry_dummy
D:12:     serial_shops, shop, zaba_antful_of_joy, uniq_azrael
Lair:2:   basic_altar, gammafunk_lair_bear_cave, lemuel_fruit_tree,
          infiniplex_staircase_pool_2, serial_bayou_shore_b
Lair:4:   minmay_swamp_entry_swarm, spider_nest_entry_web_field,
          fungi_pond_lemuel
Lair:5:   onia_ninara_swampy_vault, slime_altar_2, infiniplex_staircase_pool
Lair:6:   gammafunk_lair_ancient_temple, uniq_snorg
Orc:1:    basic_altar, lightli_orcish_oven
Orc:2:    st_orc_congregation, nicolae_orc_sculptors_studio
Sewer:    kennysheep_pipe_town
Ossuary:  ossuary_due_cavern

Skill      XL: |  1  2  3  4  5  6  7  8  9 10 11 12 13 14 15 |
---------------+----------------------------------------------+-----
Stealth        | 2 4 5 7 9 10 11 12 13 15 16 15 | 15.6
Slings         | 2 5 6 7 |  7.0
Fighting       | 3 6 7 9 |  9.0
Dodging        | 4 6 7 9 10 9 |  9.9
Evocations     | 5 7 8 10 9 |  9.9
Shields        | 6 8 9 |  9.6
Poison Magic   | 2 4 5 |  5.5
Air Magic      | 1 4 |  4.7
Spellcasting   | 1 3 4 |  4.8
Conjurations   | 1 3 |  3.1
Short Blades   | 0 |  0.8
Necromancy     | 2 4 |  4.1
Charms         | 2 4 |  4.4

Action                   |  1- 3 |  4- 6 |  7- 9 | 10-12 | 13-15 || total
-------------------------+-------+-------+-------+-------+-------++-------
Melee: Dagger            |    48 |     7 |       |    15 |       ||    70
       Tentacles         |     9 |     7 |    18 |    84 |   260 ||   378
       Short sword       |     4 |    71 |    11 |       |       ||    86
       Constrict         |     9 |    13 |    21 |    69 |   106 ||   218
       War axe           |       |       |   105 |   380 |    38 ||   523
       Long sword        |       |       |       |       |   208 ||   208
       Mace              |       |       |       |       |    29 ||    29
       Flail             |       |       |       |       |   530 ||   530
 Fire: Hunting sling     |       |       |       |       |    21 ||    21
 Cast: Mephitic Cloud    |       |       |       |       |     5 ||     5
Invok: Sacrifice Drink   |     1 |       |       |       |       ||     1
       Sacrifice Words   |       |     1 |       |       |       ||     1
       Draw Out Power    |       |       |     1 |     9 |     7 ||    17
       Sacrifice Resista |       |       |     1 |       |       ||     1
       Power Leap        |       |       |       |     2 |     5 ||     7
       Reject Sacrifices |       |       |       |     1 |       ||     1
       Apocalypse        |       |       |       |     1 |     9 ||    10
       Sacrifice Skill   |       |       |       |       |     1 ||     1
 Abil: Evoke Invisibilit |       |       |       |     3 |     9 ||    12
Evoke: Wand              |     1 |     1 |     9 |    37 |    36 ||    84
  Use: Scroll            |       |     3 |       |    17 |    15 ||    35
       Potion            |       |       |       |     4 |     8 ||    12
 Stab: Sleeping          |    12 |    29 |    24 |    33 |    39 ||   137
       Distracted        |       |     1 |     1 |     5 |    14 ||    21
       Invisible         |       |       |     1 |    12 |    44 ||    57
       Paralysed         |       |       |     1 |     3 |    28 ||    32
       Confused          |       |       |       |       |     1 ||     1
  Eat: Chunk             |       |     7 |     9 |    11 |    38 ||    65
       Royal jelly       |       |       |       |     5 |     1 ||     6
       Bread ration      |       |       |       |     1 |       ||     1
Armor: Skin              |     3 |     3 |     6 |    13 |    49 ||    74
Dodge: Dodged            |    22 |    39 |    60 |   424 |   721 ||  1266
Block: Large shield      |       |       |       |       |   112 ||   112
       Buckler           |       |       |       |       |   218 ||   218
       Rpst.: Long sword |       |       |       |       |    34 ||    34
